AoeStats
← Umdeuter

Arabia

508745590Analyzed
1v1 RM · 7d ago on Sep 23, 2026· 34m 35s· 2 players
Game mode
Random Map
Map size
Tiny (2 player)
Population
200
Speed
Normal
Resources
Standard
Victory
Conquest
Starting age
Dark Age
Ending age
Imperial Age
RankedLock teamsTeams togetherTeam positionsShared explorationLock speedFull tech treeHidden civsTurbo modeCheats
Victory
Defeat
🇧🇪 Dravidians · Belgium
1917
+18
🇩🇪 Vikings · Germany
1954
-18
acherafo1234
7:31 Loom
9:42 Feudal Age
9:53 Man-at-Arms
10:20 Double-Bit Axe
15:28 Fletching
15:29 Arson
17:59 Scale Mail Armor
20:10 Forging
22:04 Wheelbarrow
25:07 Castle Age
23:27 Gold Mining
25:14 Horse Collar
25:09 Long Swordsman
25:45 Bodkin Arrow
26:11 Bow Saw
27:55 Town Watch
28:16 Husbandry
29:59 Ballistics
32:52 Padded Archer Armor
Umdeuter
7:01 Loom
9:13 Feudal Age
9:48 Man-at-Arms
11:30 Arson
16:44 Scale Mail Armor
18:17 Forging
18:16 Horse Collar
18:52 Fletching
27:16 Castle Age
25:15 Double-Bit Axe
26:00 Gold Mining
27:23 Long Swordsman
28:03 Squires
28:19 Chain Mail Armor
28:36 Bow Saw
30:56 Gold Shaft Mining
32:04 Heavy Plow
Connection lost

Rejoining the realm…

Still unreachable

The connection could not be restored.

Session expired

The server has moved on; the page needs a fresh start.